 Dungeon Crawl Stone Soup version 0.27-a0-1188-g73eefd5def (webtiles) character file.

Game seed: 5455895301471309803

18942 Glokmah the Frost Mage (level 12, -4/64 HPs)
             Began as a Vine Stalker Ice Elementalist on May 22, 2021.
             Was a Believer of Sif Muna.
             Succumbed to a redback's poison
             ... on level 3 of the Lair of Beasts.
             The game lasted 00:38:43 (13719 turns).

Glokmah the Frost Mage (VSIE)                      Turns: 13719, Time: 00:38:44

Health: -4/64      AC: 11    Str: 11    XL:     12   Next: 63%
Magic:  5/25       EV: 12    Int: 19    God:    Sif Muna [**....]
Gold:   775        SH:  0    Dex: 19    Spells: 10/27 levels left

rFire    + . .     SeeInvis +   a - +5 short sword (vamp)
rCold    . . .     Faith    .   (no shield)
rNeg     + . .     Spirit   +   k - +4 Cigotuvi's embrace {rMiasma Drain rN+}
rPois    +         Reflect  .   C - +2 helmet
rElec    .         Harm     .   (no cloak)
rCorr    .         Rampage  .   (no gloves)
Will     ++...                  (no boots)
Stlth    ++........             (no amulet)
HPRegen  1.20/turn              d - ring "Gago" {rF+ Will+ Dex+3 SInv}
MPRegen  0.19/turn              h - ring of poison resistance

@: lethally poisoned (-4 -> -96), freezing walls, studying Armour
A: fangs 3, regeneration 1, magic shield, antimagic bite, no potion heal 2
a: Renounce Religion, Channel Magic


You were on level 3 of the Lair of Beasts.
You worshipped Sif Muna.
Sif Muna was pleased with you.
You visited 3 branches of the dungeon, and saw 13 of its levels.
You also visited: Ossuary.

You collected 1133 gold pieces.
You spent 358 gold pieces at shops.

Inventory:

Hand Weapons
 a - a +5 vampiric short sword (weapon)
 b - a +1 short sword of holy wrath
Missiles
 m - 44 poisoned darts (quivered)
 u - 10 silver boomerangs
 B - a throwing net
 D - 2 curare-tipped darts
Armour
 k - the +4 Cigotuvi's embrace (worn) {rMiasma Drain rN+}
   (You bought it in a shop on level 8 of the Dungeon)

   It protects you from negative energy.
   It drains your maximum health when unequipped.
 z - the +2 ring mail of the Sun {rC+++ Will++ MP-9 Dex-3}
   (You found it on level 6 of the Dungeon)

   It affects your dexterity (-3).
   It renders you almost immune to cold.
   It affects your magic capacity (-9).
   It greatly increases your willpower.
 C - a +2 helmet (worn)
Jewellery
 d - the ring "Gago" (left hand) {rF+ Will+ Dex+3 SInv}
   (You acquired it on level 6 of the Dungeon)

   [ring of see invisible]

   It affects your dexterity (+3).
   It protects you from fire.
   It lets you see invisible.
   It increases your willpower.
 g - a ring of flight
 h - a ring of poison resistance (right hand)
 j - a ring of ice
 v - a ring of wizardry
Wands
 e - a wand of acid (12)
 n - a wand of iceblast (9)
 E - a wand of flame (26)
 F - a wand of paralysis (9)
 H - a wand of mindburst (19)
Scrolls
 q - 2 scrolls of teleportation
 r - a scroll of magic mapping
 x - 2 scrolls of amnesia
 y - 3 scrolls of identify
Potions
 c - a potion of degeneration
 f - 3 potions of invisibility
 i - 5 potions of lignification
 l - 3 potions of berserk rage
 o - 2 potions of brilliance
 p - 5 potions of flight
 s - 3 potions of haste
 t - 4 potions of curing
 w - a potion of attraction
 G - a potion of might {unknown}
Miscellaneous
 A - a phantom mirror


   Skills:
 + Level 7.6 Fighting
 * Level 7.9 Armour
 - Level 1.5 Dodging
 - Level 2.4 Stealth
 - Level 8.0 Spellcasting
 * Level 8.8 Conjurations
 * Level 12.4 Ice Magic
 + Level 5.3 Air Magic


You had 10 spell levels left.
You knew the following spells:

 Your Spells              Type           Power      Damage    Failure   Level
a - Freeze                Ice            100%       1d11      1%          1
b - Frozen Ramparts       Ice            100%       1d12      1%          3
c - Ozocubu's Armour      Ice            53%        N/A       1%          3
d - Hailstorm             Conj/Ice       48%        3d11      1%          4
e - Freezing Cloud        Conj/Ice/Air   20%        6-21      43%         6

Your spell library contained the following spells:

 Spells                   Type           Power      Damage    Failure   Level
 Mephitic Cloud           Conj/Pois/Air  25%        N/A       4%          3
 Conjure Flame            Conj/Fire      24%        6-21      5%          3
 Poisonous Vapours        Pois/Air       34%        N/A       6%          2
 Metabolic Englaciation   Hex/Ice        15%        N/A       26%         5


Dungeon Overview and Level Annotations

Branches:
Dungeon (9/15)             Temple (1/1) D:7            Lair (3/6) D:9
 Spider (0/4) Lair:3      Ossuary (visited)
  Swamp: Lair:2-4    Shoals: Lair:2-4       Orc: D:9-12

Altars:
Ashenzari
Cheibriados
Dithmenos
Elyvilon
Fedhas
Gozag
Hepliaklqana
Kikubaaqudgha
Makhleb
Nemelex Xobeh
Okawaru
Qazlal
Ru
Sif Muna
Trog
Uskayaw
Vehumet
Wu Jian
Xom
Yredelemnul
Zin
The Shining One

Shops:
D:8 [


Innate Abilities, Weirdness & Mutations

You have razor-sharp teeth.
Your natural rate of healing is unusually fast.
When hurt, damage is shared between your health and your magic reserves.
Your bite disrupts and absorbs the magic of your enemies.
Potions cannot restore your health.


Message History

Aim: a wolf spider (lightly wounded)
You feel a surge of power!
You freeze the wolf spider!
The wolf spider is moderately wounded.
The wall freezes the wolf spider!
The wolf spider hits you. The wolf spider bites you!
The wall freezes the redback.
The redback misses you.
The wall freezes the wolf spider.
The wolf spider hits you but does no damage.
The wolf spider bites you!
You are poisoned.
The wolf spider poisons you!
Casting: Freeze (safe; 1% risk of failure)
Confirm with . or Enter, or press ? or * to list all spells.
Aiming: Freeze (safe; 1% risk of failure)
Press: ? - help, Shift-Dir - straight line, f/p - wolf spider
Aim: a wolf spider (heavily wounded)
You feel a surge of power!
You freeze the wolf spider!
The wolf spider is severely wounded.
You feel extremely sick.
The wall freezes the redback.
The redback misses you.
The wall freezes the wolf spider!
The wolf spider closely misses you. The wolf spider bites you.
You are lethally poisoned!
The wolf spider poisons you!
The wall freezes the redback.
The redback bites you!
You are more poisoned.
The redback poisons you!
You're wearing all the rings you can.
Remove which one? (? for menu, Esc to cancel) < or
d - the ring "Gago" {rF+ Will+ Dex+3 SInv} > or
j - a ring of ice You remove your ring of ice.
* * * LOW HITPOINT WARNING * * *
You feel extremely sick.
The wall freezes the wolf spider!
The wolf spider barely misses you. The wolf spider bites you!
* * * LOW HITPOINT WARNING * * *
The wall freezes the redback.
The redback bites you!
* * * LOW HITPOINT WARNING * * *
h - a ring of poison resistance (right hand)
You die...

.###...# #..#..## ..##..##
######..# ......# ...#
#..# ####### .>..##### #
### ...^^^ ####.###
#..^^.# ##.##..####^^^..##
..........##^^^s^#####
.P.#..#.#.P###^s@...P#
###.#........###^...##
##.#...########...#
####..####P####.#...######
.........................#
###.....###P.##.#.###P#.##
# #...### ##......#####
##.## ##....≈.#≈#♣♣♣♣
#P.(# ##....≈≈≈≈P≈≈≈≈≈


You could see a wolf spider and a redback.

Vanquished Creatures
  A fire dragon (D:9)
  3 hydras (Lair:3)
  A two-headed ogre (D:9)
  An oklob plant (Lair:1)
  A cyclops (D:7)
  Joseph (D:8)
  2 black mambas
  Psyche (D:8)
  4 cane toads
  Maggie (D:6)
  4 rime drakes
  3 komodo dragons
  2 hornets
  Grinder (D:3)
  9 blink frogs
  Sigmund (D:2)
  3 wyverns
  9 yaks
  2 basilisks
  2 steam dragons
  Menkaure (D:6)
  13 water moccasins
  2 ice beasts
  An orc warrior (D:9)
  A sky beast (D:7)
  3 black bears
  2 ogres
  7 centaurs
  2 phantoms
  3 kobold brigands
  6 bullfrogs
  3 scorpions
  A wyvern zombie (D:8)
  A gnoll sergeant (D:8)
  5 wights (D:8)
  13 killer bees
  2 howler monkeys
  2 electric eels (Lair:3)
  A bullfrog zombie (D:5)
  2 centaur zombies
  2 hounds
  A gnoll shaman (D:8)
  2 jellies
  2 human zombies (Ossuary)
  An orc priest (D:4)
  2 iguanas
  5 orc wizards
  A killer bee zombie (D:7)
  2 hound zombies
  2 hound skeletons
  A howler monkey zombie (D:8)
  4 mummies (Ossuary)
  Robin (D:3)
  12 gnolls
  5 adders
  2 shadow imps (D:7)
  3 white imps
  An adder skeleton (D:4)
  2 adder zombies (Ossuary)
  3 dart slugs
  17 orcs
  8 ball pythons
  3 bats
  5 endoplasms
  5 giant cockroaches
  12 goblins
  8 hobgoblins
  A quokka (D:5)
  5 frilled lizards
  2 hobgoblin zombies (Ossuary)
  24 kobolds
  2 kobold zombies (Ossuary)
  3 orc zombies (Ossuary)
  6 rats
  A butterfly (Lair:3)
279 creatures vanquished.

Vanquished Creatures (others)
  16 fungi
  10 plants
  6 withered plants (D:4)
32 creatures vanquished.

Grand Total: 311 creatures vanquished

Notes
Turn   | Place    | Note
-------+----------+-------------------------------------------
     0 | D:1      | Glokmah the Vine Stalker Ice Elementalist began the quest
                  | for the Orb.
     0 | D:1      | Reached XP level 1. HP: 9/9 MP: 4/4
   309 | D:1      | Reached XP level 2. HP: 14/14 MP: 3/6
  1183 | D:2      | Reached XP level 3. HP: 17/17 MP: 7/7
  1284 | D:2      | Reached skill level 1 in Fighting
  1288 | D:2      | Learned a level 3 spell: Frozen Ramparts
  1288 | D:2      | Noticed Sigmund
  1292 | D:2      | Learned a level 3 spell: Ozocubu's Armour
  1349 | D:2      | Killed Sigmund
  1350 | D:2      | Reached skill level 5 in Ice Magic
  1350 | D:2      | Gained mutation: Your natural rate of healing is unusually
                  | fast. [Vine Stalker growth]
  1350 | D:2      | Reached XP level 4. HP: 5/23 MP: 2/10
  1350 | D:2      | Reached XP level 5. HP: 6/26 MP: 2/11
  1809 | D:2      | Reached XP level 6. HP: 30/30 MP: 9/12
  1816 | D:2      | Learned a level 4 spell: Hailstorm
  2353 | D:3      | Noticed Robin
  2360 | D:3      | Killed Robin
  2670 | D:3      | Found a broken altar of Ashenzari.
  2868 | D:3      | Noticed Grinder
  2871 | D:3      | Paralysed by Grinder for 6 turns
  2888 | D:3      | Paralysed by Grinder for 6 turns
  2902 | D:3      | Paralysed by Grinder for 2 turns
  2909 | D:3      | Paralysed by Grinder for 2 turns
  2926 | D:3      | Killed Grinder
  2927 | D:3      | Reached skill level 6 in Ice Magic
  2927 | D:3      | Reached XP level 7. HP: 26/35 MP: 4/13
  3018 | D:4      | Found an ancient bone altar of Kikubaaqudgha.
  3913 | D:5      | Entered Level 5 of the Dungeon
  3930 | D:5      | Found a sand-covered staircase.
  3998 | Ossuary  | Entered an ossuary
  4042 | Ossuary  | Gained mutation: You have razor-sharp teeth. [Vine Stalker
                  | growth]
  4042 | Ossuary  | Reached XP level 8. HP: 40/40 MP: 7/15
  4152 | Ossuary  | Reached skill level 7 in Ice Magic
  4811 | D:5      | Reached skill level 5 in Spellcasting
  5321 | D:5      | Reached skill level 5 in Conjurations
  5410 | D:6      | Identified a scroll of acquirement
  5410 | D:6      | Acquired the ring "Gago" {rF+ Will+ Dex+3 SInv}
  5427 | D:6      | Found a blossoming altar of Fedhas.
  5484 | D:6      | Reached skill level 8 in Ice Magic
  5484 | D:6      | Reached XP level 9. HP: 39/45 MP: 17/17
  5777 | D:6      | Noticed Maggie
  5788 | D:6      | Killed Maggie
  5894 | D:6      | Identified the +2 ring mail of the Sun {rC+++ Will++ MP-9
                  | Dex-3}
  5929 | D:6      | Noticed Menkaure
  5937 | D:6      | Killed Menkaure
  6388 | D:7      | Noticed a cyclops
  6397 | D:7      | Killed a cyclops
  6398 | D:7      | Reached skill level 5 in Fighting
  6398 | D:7      | Reached skill level 9 in Ice Magic
  6534 | D:7      | Reached XP level 10. HP: 43/51 MP: 14/20
  6778 | D:7      | Found a staircase to the Ecumenical Temple.
  6785 | Temple   | Entered the Ecumenical Temple
  6853 | Temple   | Became a worshipper of Sif Muna the Loreminder
  6874 | D:7      | Found a sacrificial altar of Ru.
  7343 | D:8      | Noticed Joseph
  7888 | D:9      | Reached * piety under Sif Muna
  7890 | D:9      | Reached skill level 10 in Ice Magic
  7896 | D:9      | Noticed a two-headed ogre
  7897 | D:9      | HP: 1/53 [two-headed ogre/+0 giant club (12)]
  8100 | D:8      | Noticed Psyche
  8111 | D:8      | Killed Psyche
  8483 | D:8      | Killed Joseph
  8729 | D:8      | Found Cynab's Armour Emporium.
  8734 | D:8      | Bought the +4 Cigotuvi's embrace {rMiasma Drain rN+} for
                  | 358 gold pieces
  8734 | D:8      | Found the +4 Cigotuvi's embrace {rMiasma Drain rN+}
  9212 | D:9      | Noticed a fire dragon
  9319 | D:9      | Found a staircase to the Lair.
  9363 | D:9      | Reached XP level 11. HP: 58/58 MP: 16/23
  9510 | D:9      | Killed a two-headed ogre
  9511 | D:9      | Reached skill level 11 in Ice Magic
  9614 | D:9      | Killed a fire dragon
  9743 | D:9      | Learned a level 6 spell: Freezing Cloud
  9990 | D:9      | Found an iron altar of Okawaru.
  9990 | D:9      | Found a hazy altar of Hepliaklqana.
 10017 | Lair:1   | Entered Level 1 of the Lair of Beasts
 10017 | Lair:1   | Noticed an oklob plant
 10290 | Lair:1   | Reached skill level 1 in Air Magic
 10948 | Lair:1   | Killed an oklob plant
 11157 | Lair:2   | Reached ** piety under Sif Muna
 11166 | Lair:2   | Reached skill level 5 in Armour
 11921 | Lair:2   | Reached XP level 12. HP: 60/63 MP: 8/25
 11931 | Lair:2   | Reached skill level 12 in Ice Magic
 12753 | Lair:3   | Noticed a four-headed hydra
 12775 | Lair:3   | Killed a four-headed hydra
 12776 | Lair:3   | Reached skill level 5 in Air Magic
 13222 | Lair:3   | Noticed a four-headed hydra
 13233 | Lair:3   | Killed a four-headed hydra
 13342 | Lair:3   | Noticed a four-headed hydra
 13348 | Lair:3   | Killed a four-headed hydra
 13710 | Lair:3   | Found a hole to the Spider Nest.
 13719 | Lair:3   | Succumbed to a redback's poison

Illustrated notes

Levels and vault maps discovered:
D:1:      lightli_iron_boxes, layout_basic, minmay_misc_feat_plants
D:2:      layout_basic, uniq_sigmund
D:3:      layout_basic, ashenzari_conservatory_becter, uniq_robin, uniq_grinder
D:4:      layout_rooms, kiku_gazebo_garden_becter, serial_aquarium,
          aquarium_bridge_long_joined [aquarium_subvault_balcony,
          aquarium_subvault_wall, aquarium_subvault_wall,
          aquarium_subvault_balcony, aquarium_subvault_bridge,
          aquarium_subvault_bridge], aquarium_bridge_straight
          [aquarium_subvault_bridge, aquarium_subvault_balcony,
          aquarium_subvault_bridge, aquarium_subvault_balcony],
          aquarium_window_fake, aquarium_window_1, aquarium_window_2,
          aquarium_view_2b, aquarium_view_2f
D:5:      layout_loops_corners, nicolae_ossuary_entry_false_entrances,
          minmay_manual_mares
D:6:      layout_loops_ring, fedhas_altar_2, minmay_misc_feat_roman,
          uniq_menkaure, uniq_maggie
D:7:      layout_loops_ring, lemuel_doored_altar,
          minmay_temple_entry_drinking_statues
D:8:      layout_layer_cave, serial_shops, shop, minmay_bent, uniq_joseph,
          uniq_psyche
D:9:      layout_cave_pools, gammafunk_temple_overflow_wave,
          minmay_lair_entry_lava
Temple:   nicolae_temple_x_marks_the_god
Lair:1:   layout_big_grid, dpeg_stationary_puzzle
Lair:2:   layout_gridlike, infiniplex_staircase_pool, grunt_megastairs_5
Lair:3:   layout_loops_ring, spider_nest_entry_funnel_web, lemuel_fruit_fields,
          serial_bayou_shore_a

Skill      XL: |  1  2  3  4  5  6  7  8  9 10 11 12 |
---------------+-------------------------------------+-----
Fighting       | 2 3 4 5 6 7 |  7.6
Spellcasting   | 3 4 5 6 7 8 |  8.0
Ice Magic      | 5 6 8 9 10 11 12 | 12.4
Conjurations   | 2 3 5 7 8 |  8.8
Armour         | 6 7 |  7.9
Air Magic      | 4 5 |  5.3
Dodging        | |  1.5
Stealth        | |  2.4

Action                   |  1- 3 |  4- 6 |  7- 9 | 10-12 || total
-------------------------+-------+-------+-------+-------++-------
Melee: Unarmed           |    12 |       |       |       ||    12
       Bite              |     4 |    10 |    63 |    86 ||   163
       Short sword       |    11 |    51 |   172 |   266 ||   500
Throw: Dart              |       |       |       |     6 ||     6
 Cast: Freeze            |    33 |     9 |    39 |   133 ||   214
       Frozen Ramparts   |     2 |     4 |    20 |    42 ||    68
       Ozocubu's Armour  |       |     2 |     6 |    11 ||    19
       Hailstorm         |       |       |     4 |    34 ||    38
Invok: Channel Magic     |       |       |       |     1 ||     1
  Use: Scroll            |       |     4 |    16 |    13 ||    33
 Stab: Sleeping          |     1 |     9 |     2 |     4 ||    16
Armor: Robe              |     8 |    11 |    77 |       ||    96
       Steam dragon scal |       |       |    27 |    97 ||   124
       Leather armour    |       |       |       |   110 ||   110
Dodge: Dodged            |    36 |    20 |   149 |   284 ||   489

Table legend: (Time is in decaauts)
 A = Elapsed time spent in this place.
 B = Non-inter-level travel time spent in this place.
 C = Inter-level travel time spent in this place.
 D = Time resting spent in this place.
 E = Time spent auto-exploring this place.
 F = Levels seen in this place.
 G = Mean time per level.
                   A        B        C        D        E       F      G
               +--------+--------+--------+--------+--------+-----+--------+
         Total |  13781 |  12940 |    841 |    845 |   8988 |  14 |  984.4 |
       Dungeon |   9682 |   9046 |    636 |    552 |   6170 |   9 | 1075.8 |
        Temple |     78 |     52 |     26 |      0 |     50 |   1 |   78.0 |
          Lair |   3714 |   3535 |    179 |    293 |   2619 |   3 | 1238.0 |
       Ossuary |    305 |    305 |      0 |      0 |    149 |   1 |  305.0 |
               +--------+--------+--------+--------+--------+-----+--------+

Top non-repeatable levels by time:
     D:8: 1876 daAuts
  Lair:2: 1310 daAuts
  Lair:3: 1298 daAuts
     D:1: 1270 daAuts
     D:5: 1184 daAuts
  Lair:1: 1106 daAuts
     D:7: 1003 daAuts
     D:2: 958 daAuts
     D:6: 935 daAuts
     D:4: 872 daAuts
     D:3: 825 daAuts
     D:9: 756 daAuts
 Ossuary: 305 daAuts
  Temple: 78 daAuts
